 Dungeon Crawl Stone Soup version 0.26.0-45-g9c1d065592 (webtiles) character file.

Game seed: 18043704940428456450

(classic levelgen) 133 thiole the Stinger (level 5, -2/31 HPs)
             Began as an Octopode Venom Mage on Jan 30, 2021.
             Slain by an iguana (14 damage)
             ... on level 4 of the Dungeon.
             The game lasted 00:03:52 (3267 turns).

thiole the Stinger (Octopode Venom Mage)            Turns: 3267, Time: 00:03:53

Health: -2/31      AC:  1    Str:  7    XL:     5   Next: 16%
Magic:  0/8        EV: 13    Int: 19    God:
Gold:   153        SH:  5    Dex: 12    Spells: 7/8 levels left

rFire    . . .     SeeInvis .   k - +0 dagger
rCold    . . .     Faith    .   (no shield)
rNeg     . . .     Spirit   .   (helmet restricted)
rPois    .         Reflect  +   f - amulet of reflection
rElec    .         Harm     .   (no ring)
rCorr    .         Rampage  .   (no ring)
Will     .....                  (no ring)
Stlth    +++.......             (no ring)
HPRegen  0.10/turn              (no ring)
MPRegen  0.11/turn              (no ring)
                                (no ring)
                                (no ring)

@: no status effects
A: almost no armour, stealthy swim, amphibious, 8 rings, constrict 8, camouflage
1, gelatinous body 1
a: no special abilities


You were on level 4 of the Dungeon.
You visited 1 branch of the dungeon, and saw 4 of its levels.

You collected 153 gold pieces.

Inventory:

Hand Weapons
 k - a +0 dagger (weapon)
Missiles
 i - 12 sling bullets
Jewellery
 f - an amulet of reflection (around mantle)
Scrolls
 c - a scroll of identify
 l - 2 scrolls of remove curse
Potions
 a - a potion of ambrosia {unknown}
 b - a potion of brilliance {unknown}
 d - a potion of flight {unknown}


   Skills:
 - Level 2.0 Dodging
 - Level 2.6 Stealth
 - Level 2.0 Spellcasting
 - Level 2.0 Conjurations
 - Level 2.0 Transmutations
 + Level 2.2 Fire Magic
 + Level 2.1 Air Magic
 - Level 4.0 Poison Magic


You had 7 spell levels left.
You knew the following spells:

 Your Spells              Type           Power        Failure   Level
a - Sting                 Tmut/Pois      52%          4%          1

Your spell library contained the following spells:

 Spells                   Type           Power        Failure   Level
 Poisonous Vapours        Pois/Air       26%          7%          2
 Ignite Poison            Fire/Tmut/Pois 12%          17%         3
 Mephitic Cloud           Conj/Pois/Air  12%          17%         3
 Olgreb's Toxic Radiance  Pois           17%          32%         4


Dungeon Overview and Level Annotations

Branches:
Dungeon (4/15)
 Temple: D:4-7

Altars:
Fedhas
Vehumet
Yredelemnul
The Shining One

Portals:
Abyss: D:3

Annotations:
D:3 2 transporters, Tarl's ghost, amateur GrFi


Innate Abilities, Weirdness & Mutations

You cannot wear most types of armour.
You are very stealthy in the water. (Stealth+)
You are amphibious.
You can wear up to eight rings at the same time.
You can use your tentacles to constrict eight enemies at once.
Your skin changes colour to match your surroundings (Stealth+).
Your rubbery body absorbs attacks. (AC +1, EV +1)


Message History

Casting: Sting (safe; 4% risk of failure)
Confirm with . or Enter, or press ? or * to list all spells.
You don't have enough magic to cast that spell.
Casting: Sting (safe; 4% risk of failure)
Confirm with . or Enter, or press ? or * to list all spells.
Aiming: Sting (safe; 4% risk of failure)
Press: ? - help, Shift-Dir - straight line, f - iguana
Aim: an iguana (25% to evade)
The sting hits the iguana but does no damage.
The iguana is poisoned.
You hit the iguana but do no damage. You grab the iguana.
You constrict the iguana, but do no damage.
You block the iguana's attack.
You hit the iguana.
The iguana is moderately wounded.
You constrict the iguana. The iguana bites you!
You hit the iguana.
The iguana is severely wounded.
You constrict the iguana. The iguana bites you!
You die...

..................##.#
.........######...#
...........l........
###......######......
#......##### ##.....
#..........# .....
#....!.....#
#.......l..#
######..@..# #.....#
#.....# #######


You could see an iguana (poisoned).

Vanquished Creatures
  A howler monkey (D:4)
  2 adders (D:3)
  An ooze (D:4)
  A worm (D:3)
  4 dart slugs
  3 leopard geckos
  A giant cockroach (D:2)
  8 goblins
  8 hobgoblins
  3 jackals (D:2)
  A quokka (D:2)
  6 bats
  5 frilled lizards
  10 kobolds
  8 rats
62 creatures vanquished.

Vanquished Creatures (others)
  A plant (D:1)
1 creature vanquished.

Grand Total: 63 creatures vanquished

Notes
Turn   | Place    | Note
-------+----------+-------------------------------------------
     0 | D:1      | thiole the Octopode Venom Mage began the quest for the Orb.
     0 | D:1      | Reached XP level 1. HP: 11/11 MP: 3/3
   119 | D:1      | Reached skill level 4 in Poison Magic
   173 | D:1      | Reached XP level 2. HP: 17/17 MP: 3/5
   629 | D:1      | Reached skill level 1 in Air Magic
   629 | D:1      | Reached XP level 3. HP: 21/21 MP: 2/6
   642 | D:1      | Reached skill level 1 in Fire Magic
   742 | D:1      | Reached skill level 1 in Conjurations
  1257 | D:2      | Found a radiant altar of Vehumet.
  1490 | D:2      | Found a blossoming altar of Fedhas.
  1661 | D:2      | Found a basalt altar of Yredelemnul.
  1663 | D:2      | Noticed a profane servitor
  1677 | D:2      | Found a glowing golden altar of the Shining One.
  1679 | D:2      | Noticed an angel
  1882 | D:3      | Reached XP level 4. HP: 24/27 MP: 1/7
  2165 | D:3      | Noticed a small abomination
  2172 | D:3      | Found a transporter.
  2175 | D:3      | Noticed a small abomination
  2242 | D:3      | Noticed Tarl's ghost (amateur GrFi)
  2263 | D:3      | Found a one-way gate to the infinite horrors of the Abyss.
  2268 | D:3      | Found a transporter.
  3235 | D:4      | Reached XP level 5. HP: 21/31 MP: 2/8
  3267 | D:4      | Slain by an iguana

Illustrated notes

Levels and vault maps discovered:
D:1:      saegor_arrival_simple_e, layout_rooms, serial_bayou,
          serial_bayou_crossing, serial_bayou_lagoon_b, serial_bayou_pond_d,
          serial_bayou_pond_a
D:2:      layout_rooms, grunt_temple_overflow_holy_war, lemuel_doored_altar,
          lemuel_coloured_pillars_altar
D:3:      layout_loops_corners, gammafunk_ghost_abyssal_escape,
          roderic_serpentine_path
D:4:      minmay_door_path, layout_basic, minitemple, portal_sewer_entry_e,
          serial_shops, nicolae_shop_trees

Skill      XL: |  1  2  3  4 |
---------------+-------------+-----
Poison Magic   | 4 |  4.0
Air Magic      | 1 2 |  2.1
Fire Magic     | 1 2 |  2.2
Conjurations   | 1 2 |  2.0
Transmutations | 2 |  2.0
Dodging        | |  2.0
Stealth        | |  2.6
Spellcasting   | |  2.0

Action                   |  1- 3 |  4- 6 || total
-------------------------+-------+-------++-------
Melee: Unarmed           |    26 |     5 ||    31
       Constrict         |     8 |     4 ||    12
       Tentacles         |     5 |       ||     5
       Dagger            |       |     4 ||     4
 Cast: Sting             |    69 |    45 ||   114
  Use: Scroll            |       |     6 ||     6
Armor: Skin              |     2 |     1 ||     3
Dodge: Dodged            |    35 |     8 ||    43
Block: Other             |       |     1 ||     1
